 Dungeon Crawl Stone Soup version 0.17-a0-1450-g7e755d1 (webtiles) character file.

93 pulse the Skirmisher (level 4, -6/38 HPs)
             Began as a Formicid Berserker on June 30, 2015.
             Was a Believer of Trog.
             Killed from afar by an orc wizard (8 damage)
             ... with a puff of flame
             ... on level 2 of the Dungeon.
             The game lasted 00:03:46 (2016 turns).

pulse the Skirmisher (Formicid Berserker)           Turns: 2016, Time: 00:03:46

Health: -6/38      AC:  9    Str: 22    XL:     4   Next: 91%
Magic:  4/4        EV: 13    Int:  7    God:    Trog [**....]
Gold:   137        SH:  0    Dex: 15    Spells: 0 memorised, 3 levels left

rFire  . . .     SeeInvis +     a - +0 hand axe
rCold  . . .     Clarity  .     l - +0 chain mail
rNeg   . . .     SustAt   .     (no shield)
rPois  .         Gourm    .     (helmet unavailable)
rElec  .         Spirit   .     (no cloak)
rCorr  .         Warding  .     (no gloves)
rMut   .         Stasis   +     (no boots)
MR     .....                    (no amulet)
Stlth  ..........               (no ring)
                                (no ring)

@: agile, not resistant to hostile enchantments, extremely unstealthy
A: permanent stasis, dig shafts and tunnels, four strong arms, antennae 3
a: Dig, Shaft Self, Burn Spellbooks, Trog's Hand, Renounce Religion


You were on level 2 of the Dungeon.
You worshipped Trog.
Trog was pleased with you.
You were not hungry.

You visited 1 branch of the dungeon, and saw 3 of its levels.

You collected 137 gold pieces.

Inventory:

Hand weapons
 a - a +0 hand axe (weapon)
Armour
 l - a +0 chain mail (worn)
Scrolls
 d - 3 scrolls of identify
 g - a scroll of recharging
 k - 4 scrolls of remove curse
Potions
 i - a potion of cure mutation
 m - a potion of brilliance {unknown}
Comestibles
 b - a meat ration
 c - 3 bread rations


   Skills:
 + Level 4.3 Fighting
 * Level 4.2 Axes
 + Level 2.7 Armour
 - Level 1.8 Dodging


You had 3 spell levels left.
You didn't know any spells.

Dungeon Overview and Level Annotations

Branches:
Dungeon (3/15)

Altars:
Cheibriados
Yredelemnul
The Shining One

Annotations:
D:3 Jessica; Sirial's ghost, average DsWn


Innate Abilities, Weirdness & Mutations

You are under a permanent stasis effect.
You can dig through walls and to a lower floor.
Your four strong arms can wield two-handed weapons with a shield.
You have a pair of large antennae on your head (SInv).


Message History

The orc wizard casts a spell at you. The puff of flame hits you!
* * * LOW HITPOINT WARNING * * *
You hit the orc wizard but do no damage.
The orc wizard is almost dead.
The orc wizard closely misses you.
You barely miss the orc wizard.
The orc wizard is almost dead.
The orc wizard closely misses you. The orc wizard misses you.
You hit the orc wizard.
The orc wizard is almost dead.
The orc wizard completely misses you.
The orc wizard gestures at you while chanting.
The puff of flame hits you!
* * * LOW HITPOINT WARNING * * *
You closely miss the orc wizard.
The orc wizard is almost dead.
The orc wizard casts a spell at you. The puff of flame hits you!
You die...

############
#..........# ##
#..........# .###
#.......(..# .>.##
#..........# ##..#
######.....).<..#
#..###...##....@######
##.###.........o##
...##............#
.##..............#
....#............#
######..........##
###...#....##
#####...##..####
#.....####.#>.#


You could see an orc wizard (invisible).

Vanquished Creatures
  4 gnolls (D:1)
  An adder (D:2)
  An ooze (D:2)
  4 giant geckos
  2 orcs (D:3)
  4 bats
  A giant cockroach (D:1)
  5 goblins
  6 hobgoblins
  6 kobolds
  3 giant newts (D:1)
  3 rats
40 creatures vanquished.

Vanquished Creatures (others)
  A kobold (D:2)
1 creature vanquished.

Grand Total: 41 creatures vanquished

Notes
Turn   | Place    | Note
--------------------------------------------------------------
     0 | D:1      | pulse the Formicid Berserker began the quest for the Orb.
     0 | D:1      | Reached XP level 1. HP: 18/18 MP: 1/1
   134 | D:1      | Reached XP level 2. HP: 22/24 MP: 2/2
   567 | D:1      | Reached XP level 3. HP: 30/30 MP: 3/3
   594 | D:1      | Acquired Trog's second power
   756 | D:1      | HP: 1/30 [gnoll/flail (2)]
   757 | D:1      | Reached skill level 4 in Fighting
  1063 | D:1      | Reached XP level 4. HP: 15/37 MP: 4/4
  1639 | D:2      | Found a glowing golden altar of the Shining One.
  1773 | D:2      | Found a basalt altar of Yredelemnul.
  1774 | D:2      | Found a snail-covered altar of Cheibriados.
  1855 | D:3      | Noticed Sirial's ghost (average DsWn)
  1857 | D:3      | Noticed Jessica
  2016 | D:2      | Killed from afar by an orc wizard

Vault maps used:
D:1:      elethiomel_arrival_shortcut
D:2:      gammafunk_temple_overflow_pools, first_bread, serial_curves,
          eino_curves_03, eino_curves_02, nicolae_tso_carved_into_rock
D:3:      minmay_goblin_kobold_castle, overflow_temple_1_default, bloody_trog,
          uniq_jessica

Action                   |  1- 3 |  4- 6 || total
-------------------------+-------+-------++-------
Melee: Hand axe          |    85 |    77 ||   162
  Use: Potion            |     3 |     2 ||     5
       Scroll            |       |     5 ||     5
  Eat: Beef jerky        |     1 |       ||     1
       Bread ration      |       |     1 ||     1
       Chunk             |       |     1 ||     1
